 Dungeon Crawl Stone Soup version 0.31-a0-142-g31f6795574 (webtiles) character file.

Game seed: 6529773696609640498

1630 pokeman the Thaumaturge (level 8, 0/44 HPs)
             Began as a Deep Elf Hedge Wizard on June 3, 2023.
             Slain by a black bear (4 damage)
             ... on level 5 of the Dungeon.
             The game lasted 00:13:33 (5791 turns).

pokeman the Thaumaturge (Deep Elf Hedge Wizard)     Turns: 5791, Time: 00:13:35

Health: 0/44       AC:  5    Str:  7    XL:     8   Next: 65%
Magic:  0/24       EV: 12    Int: 22    God:
Gold:   361        SH:  0    Dex: 14    Spells: 15/27 levels left

rFire   . . .        p - +4 short sword
rCold   . . .        (no shield)
rNeg    . . .        c - +0 troll leather armour {Pargi}
rPois   .            q - +0 helmet
rElec   .            (no cloak)
rCorr   +            (no gloves)
SInv    .            (no boots)
Will    .....        (no amulet)
Stlth   ++           l - ring of resist corrosion
HPRegen 1.07/turn    (no ring)
MPRegen 0.19/turn

%: no passive effects
@: on blink cooldown
A: no striking features
a: no special abilities


You were on level 5 of the Dungeon.
You visited 1 branch of the dungeon, and saw 5 of its levels.
You also visited: Sewer and Ossuary.

You collected 361 gold pieces.

Inventory:

Hand Weapons
 p - a +4 short sword (weapon)
Armour
 c - a +0 troll leather armour (worn) {Pargi}
 q - a +0 helmet (worn)
 u - a +2 leather armour of fire resistance
Magical Staves
 m - a staff of death
Jewellery
 j - an amulet of faith
 l - a ring of resist corrosion (left hand)
Scrolls
 e - 2 scrolls of blinking {unknown}
 f - 2 scrolls of identify {unknown}
 h - 4 scrolls of teleportation {unknown}
Potions
 a - a potion of resistance {unknown}
 b - 2 potions of haste {unknown}
 d - 4 potions of magic
 g - 6 potions of lignification {unknown}
 i - 4 potions of mutation {unknown}
 k - a potion of heal wounds {unknown}
 n - 13 potions of degeneration
 o - 2 potions of curing
 r - a potion of might {unknown}
 s - a potion of cancellation {unknown}
 t - 3 potions of attraction {unknown}
 v - a potion of berserk rage {unknown}
 w - a potion of invisibility {unknown}
 x - a potion of experience {unknown}


   Skills:
 - Level 2.1 Fighting
 + Level 2.8 Armour
 - Level 3.1 Dodging
 - Level 3.0 Stealth
 * Level 10.0 Spellcasting
 + Level 5.3 Conjurations
 + Level 3.3 Summonings
 - Level 3.0 Necromancy
 - Level 1.1 Translocations
 - Level 1.0 Air Magic
 - Level 1.0 Poison Magic
 - Level 1.1 Evocations


You had 15 spell levels left.
You knew the following spells:

 Your Spells              Type           Power      Damage    Failure   Level
a - Magic Dart            Conj           100%       1d8       1%          1
b - Mephitic Cloud        Conj/Pois/Air  21%        N/A       10%         3
c - Call Imp              Summ           50%        N/A       3%          2
d - Blink                 Tloc           30%        N/A       9%          2
e - Iskenderun's Mystic   Conj/Tloc      25%        2d7       24%         4

Your spell library contained the following spells:

 Spells                   Type           Power      Damage    Failure   Level
 Cigotuvi's Dreadful Rot  Necr/Pois/Air  36%        N/A       7%          2
 Slow                     Hex            44%        N/A       9%          1
 Volatile Blastmotes      Fire/Tloc      26%        2d12      22%         3
 Ozocubu's Armour         Ice            11%        N/A       26%         3
 Fulminant Prism          Conj/Hex       11%        3d8       28%         4
 Lee's Rapid Deconstruct  Erth           5%         3d6*      94%         5
 Ozocubu's Refrigeration  Ice            5%         4d8       100%        7


Dungeon Overview and Level Annotations

Branches:
Dungeon (5/15)              Sewer (visited)         Ossuary (visited)
 Temple: D:4-7

Altars:

Shops:
D:3 [   D:4 !::


Message History

You hit the ice beast.
The ice beast is severely wounded.
The ice beast hits you. The ice beast freezes you.
Unknown command.
Casting: Magic Dart (safe; 1% risk of failure)
Confirm with . or Enter, or press ? or * to list all spells.
Aiming: Magic Dart (safe; 1% risk of failure)
Press: ? - help, Shift-Dir - straight line, f/p - black bear
Aim: a black bear (almost dead, confused, 100% to hit)
The magic dart hits the ice beast but does no damage.
The ice beast is severely wounded.
The black bear seems less confused.
The black bear goes berserk!
The ice beast hits you. The ice beast freezes you!
* * * LOW HITPOINT WARNING * * *
Casting: Magic Dart (safe; 1% risk of failure)
Confirm with . or Enter, or press ? or * to list all spells.
Aiming: Magic Dart (safe; 1% risk of failure)
Press: ? - help, Shift-Dir - straight line, f/p - black bear
Aim: a black bear (almost dead, berserk, 100% to hit)
The magic dart hits the ice beast but does no damage.
The ice beast is severely wounded.
The ice beast barely misses you.
Unknown command.
Casting: Magic Dart (safe; 1% risk of failure)
Confirm with . or Enter, or press ? or * to list all spells.
You blink.
Unknown command.
The black bear bites you.
* * * LOW HITPOINT WARNING * * *
The black bear claws you.
* * * LOW HITPOINT WARNING * * *
The black bear claws you but does no damage.
Unknown command.
Casting: Blink (safe; 9% risk of failure)
Confirm with . or Enter, or press ? or * to list all spells.
A tiny devil pulls itself out of the air.
The black bear bites you.
* * * LOW HITPOINT WARNING * * *
The black bear claws you.
You die...

#†.# ##..# #..##
#. #..# ##.
###.## ###..
##....#
.....#####....)##
#...##..hY#...#
#....5@####§.#
##.....## ##..#
##....### #..#
#.....## ....
#..###...###
#...# ##
#.....####. ..##
##......>.... .#
#............ ..
####..........#


You could see a black bear (berserk, ally target), an ice beast and a friendly
cerulean imp (summoned).

Vanquished Creatures
  Eustachio (D:4)
  Pargi (Sewer)
  A black bear (D:5)
  2 phantoms (D:4)
  Blork the orc (D:4)
  3 scorpions (D:4)
  2 centaur zombies (Ossuary)
  3 hounds
  2 orc priests (D:4)
  4 jellies
  A sleepcap (D:5)
  2 iguanas (D:5)
  An orc wizard (D:4)
  4 mummies (Ossuary)
  4 gnolls (D:4)
  13 adders
  A river rat (D:4)
  A shadow imp (D:5)
  10 orcs
  6 bats
  12 endoplasms
  4 giant cockroaches
  3 gnoll zombies (Ossuary)
  6 goblins
  4 hobgoblins
  8 jackals
  5 quokkas
  10 ball pythons
  3 frilled lizards
  2 hobgoblin zombies (Ossuary)
  20 kobolds
  An orc zombie (Ossuary)
  6 rats
147 creatures vanquished.

Vanquished Creatures (collateral kills)
  A scorpion (D:5)
  A hound (D:5)
  A jelly (D:2)
  A mummy (Ossuary)
  An ufetubus (D:4)
  2 orcs (D:4)
  2 endoplasms (D:2)
  2 jackals (D:4)
11 creatures vanquished.

Grand Total: 158 creatures vanquished

Notes
Turn   | Place    | Note
-------+----------+-------------------------------------------
     0 | D:1      | pokeman the Deep Elf Hedge Wizard began the quest for the
                  | Orb.
     0 | D:1      | Reached XP level 1. HP: 10/10 MP: 7/7
   301 | D:1      | Reached XP level 2. HP: 16/16 MP: 6/9
   655 | D:1      | Reached skill level 5 in Spellcasting
  1009 | D:2      | Reached XP level 3. HP: 20/20 MP: 6/11
  1015 | D:2      | Learned a level 3 spell: Mephitic Cloud
  1018 | D:2      | Learned a level 2 spell: Call Imp
  1021 | D:2      | Learned a level 2 spell: Blink
  1235 | D:2      | Reached skill level 1 in Armour
  1295 | D:2      | Reached skill level 1 in Fighting
  1652 | D:2      | Reached XP level 4. HP: 25/25 MP: 6/13
  1931 | D:2      | Reached skill level 6 in Spellcasting
  1931 | D:2      | Reached XP level 5. HP: 29/29 MP: 9/15
  2444 | D:3      | Found Qiybi's Antique Armour Shop.
  2486 | D:3      | Reached skill level 1 in Poison Magic
  2562 | D:3      | Reached skill level 1 in Air Magic
  2920 | D:4      | Found Qetwuwaq's Book Shoppe.
  2930 | D:4      | Noticed a phantom
  2938 | D:4      | Reached XP level 6. HP: 34/34 MP: 10/17
  2950 | D:4      | Reached skill level 7 in Spellcasting
  2950 | D:4      | Reached skill level 1 in Necromancy
  3113 | D:4      | Learned a level 4 spell: Iskenderun's Mystic Blast
  3272 | D:4      | Found a glowing drain.
  3288 | Sewer    | Entered a sewer
  3466 | Sewer    | Noticed Pargi
  3482 | Sewer    | Killed Pargi
  3483 | Sewer    | Reached XP level 7. HP: 31/40 MP: 15/20
  3817 | D:4      | Found Qido's Book Emporium.
  3946 | D:4      | Reached skill level 8 in Spellcasting
  4007 | D:4      | Noticed Blork the orc
  4029 | D:4      | Killed Blork the orc
  4127 | D:4      | Found Xuampim's Distillery.
  4688 | D:4      | Reached skill level 1 in Evocations
  4747 | D:4      | Noticed Eustachio
  4760 | D:4      | Reached XP level 8. HP: 37/44 MP: 14/22
  4768 | D:4      | Killed Eustachio
  4769 | D:4      | Reached skill level 9 in Spellcasting
  4918 | D:5      | Entered Level 5 of the Dungeon
  5071 | D:5      | Reached skill level 5 in Conjurations
  5154 | D:5      | Found a sand-covered staircase.
  5161 | Ossuary  | Entered an ossuary
  5588 | Ossuary  | Reached skill level 10 in Spellcasting
  5791 | D:5      | Slain by a black bear

Illustrated notes

Levels and vault maps discovered:
D:1:      dpeg_arrival_tiny_d, layout_basic, bh_walls_and_bars
D:2:      cheibrodos_fertilizer, layout_rooms, nrook_uturn, minmay_bisected
D:3:      layout_rooms, serial_shops, shop_statue, dk_vineyard_3, st_stairs_10
D:4:      kennysheep_six_static_rooms, layout_loops_corners,
          portal_sewer_entry_b, serial_shops, nicolae_lakefront_shop, shop,
          nicolae_take_the_stairs, minmay_bent, uniq_blork_the_orc,
          uniq_eustachio
D:5:      layout_layer_cave, chequers_ossuary_entry_cave, guppyfry_shop_venom

Skill      XL: |  1  2  3  4  5  6  7  8 |
---------------+-------------------------+-----
Spellcasting   | 5 6 7 8 10 | 10.0
Armour         | 1 2 |  2.8
Fighting       | 1 2 |  2.1
Conjurations   | 2 3 4 5 |  5.3
Dodging        | 3 |  3.1
Stealth        | 3 |  3.0
Poison Magic   | 1 |  1.0
Air Magic      | 1 |  1.0
Necromancy     | 2 3 |  3.0
Evocations     | 1 |  1.1
Summonings     | 3 |  3.3
Translocations | |  1.1

Action                     |  1- 3 |  4- 6 |  7- 9 || total
---------------------------+-------+-------+-------++-------
  Melee: Dagger            |    27 |       |       ||    27
         Short sword       |       |    57 |   115 ||   172
         Punch             |       |     1 |     3 ||     4
   Cast: Magic Dart        |   114 |   121 |   146 ||   381
         Call Imp          |       |     8 |     8 ||    16
         Mephitic Cloud    |       |     4 |    15 ||    19
         Blink             |       |       |     2 ||     2
   Stab: Confused          |       |     1 |     6 ||     7
         Distracted        |       |     1 |     1 ||     2
 Armour: Robe              |     8 |    17 |       ||    25
         Troll leather arm |       |       |    44 ||    44
  Dodge: Dodged            |    45 |    78 |    91 ||   214

Table legend: (Time is in decaauts)
 A = Elapsed time spent in this place.
 B = Non-inter-level travel time spent in this place.
 C = Inter-level travel time spent in this place.
 D = Time resting spent in this place.
 E = Time spent auto-exploring this place.
 F = Levels seen in this place.
 G = Mean time per level.
                   A        B        C        D        E       F      G
               +--------+--------+--------+--------+--------+-----+--------+
         Total |   5790 |   5588 |    202 |     23 |   4226 |   7 |  827.1 |
       Dungeon |   4982 |   4780 |    202 |     23 |   3630 |   5 |  996.4 |
         Sewer |    307 |    307 |      0 |      0 |    240 |   1 |  307.0 |
       Ossuary |    500 |    500 |      0 |      0 |    356 |   1 |  500.0 |
               +--------+--------+--------+--------+--------+-----+--------+

Top non-repeatable levels by time:
     D:4: 1672 daAuts
     D:2: 1282 daAuts
     D:1: 998 daAuts
     D:3: 657 daAuts
 Ossuary: 500 daAuts
     D:5: 371 daAuts
   Sewer: 307 daAuts
